 Dungeon Crawl Stone Soup version 0.30.0-29-ga12c61a403 (webtiles) character file.

Game seed: 14657274554356776268

60 Graphine the Stinger (level 3, -7/20 HPs)
             Began as a Deep Elf Venom Mage on June 24, 2023.
             Was an Initiate of Ashenzari.
             Mangled by Crazy Yiuf
             ... wielding a +2 quarterstaff of chaos
              (11 damage)
             ... on level 3 of the Dungeon.
             The game lasted 00:07:34 (2635 turns).

Graphine the Stinger (Deep Elf Venom Mage)          Turns: 2635, Time: 00:07:34

Health: -7/20      AC:  2    Str:  5    XL:     3   Next: 80%
Magic:  4/9        EV: 13    Int: 21    God:    Ashenzari [......]
Gold:   143        SH:  0    Dex: 15    Spells: 3/8 levels left

rFire   . . .        d - +0 short sword
rCold   . . .        (no shield)
rNeg    + . .        a - +0 robe
rPois   .            (no helmet)
rElec   .            (no cloak)
rCorr   .            (no gloves)
SInv    .            (no boots)
Will    .....        (no amulet)
Stlth   ++           k - ring of flight
HPRegen 0.23/turn    j - ring of positive energy
MPRegen 0.11/turn

%: no passive effects
@: flying
A: no striking features
a: Renounce Religion


You were on level 3 of the Dungeon.
You worshipped Ashenzari.
Ashenzari was noncommittal.
You visited 1 branch of the dungeon, and saw 3 of its levels.

You collected 143 gold pieces.

Inventory:

Hand Weapons
 d - a +0 short sword (weapon)
Missiles
 h - 4 curare-tipped darts
Armour
 a - a +0 robe (worn)
 c - a +0 buckler
Jewellery
 j - a ring of positive energy (right hand)
 k - a ring of flight (left hand)
 n - an amulet of the acrobat
Scrolls
 l - a scroll of identify {unknown}
 m - a scroll of brand weapon {unknown}
Potions
 b - a potion of magic
 e - 2 potions of mutation {unknown}
 f - a potion of brilliance {unknown}
 g - a potion of might {unknown}
 i - a potion of ambrosia {unknown}


   Skills:
 + Level 1.0 Fighting
 + Level 2.9 Dodging
 + Level 3.1 Stealth
 + Level 3.3 Spellcasting
 + Level 1.2 Necromancy
 - Level 1.1 Transmutations
 * Level 4.0 Poison Magic


You had 3 spell levels left.
You knew the following spells:

 Your Spells              Type           Power      Damage    Failure   Level
a - Sting                 Tmut/Pois      56%        1d5       4%          1
b - Poisonous Vapours     Pois/Air       22%        N/A       9%          2
c - Sublimation of Blood  Necr           8%         N/A       12%         2

Your spell library contained the following spells:

 Spells                   Type           Power      Damage    Failure   Level
 Wereblood                Tmut           8%         N/A       12%         2
 Mephitic Cloud           Conj/Pois/Air  9%         N/A       22%         3
 Ozocubu's Armour         Ice            3%         N/A       36%         3
 Olgreb's Toxic Radiance  Pois           20%        N/A       24%         4
 Cause Fear               Hex            1%         N/A       77%         4
 Dragon Form              Tmut           4%         N/A       100%        7
 Ozocubu's Refrigeration  Ice            1%         4d7       100%        7
 Summon Hydra             Summ           1%         N/A       100%        7
 Dragon's Call            Summ           1%         N/A       100%        9


Dungeon Overview and Level Annotations

Branches:
Dungeon (3/15)

Altars:
Ashenzari
Gozag

Annotations:
D:3 Crazy Yiuf


Message History

Press: ? - help, Shift-Dir - straight line, f/p - Crazy Yiuf
Aim: Crazy Yiuf, wielding a +2 quarterstaff of chaos and wearing a +0 cloak (lightly wounded, poisoned, 75% to hit)
The sting hits Crazy Yiuf.
Crazy Yiuf looks even sicker.
Crazy Yiuf is lightly wounded.
Crazy Yiuf screams, "Aardvark snail childish!"
Crazy Yiuf misses you.
Okay, then.
Casting: Sting (safe; 4% risk of failure)
Confirm with . or Enter, or press ? or * to list all spells.
Aiming: Sting (safe; 4% risk of failure)
Press: ? - help, Shift-Dir - straight line, f/p - Crazy Yiuf
Aim: Crazy Yiuf, wielding a +2 quarterstaff of chaos and wearing a +0 cloak (moderately wounded, very poisoned, 75% to hit)
The sting hits Crazy Yiuf.
Crazy Yiuf looks even sicker.
Crazy Yiuf is heavily wounded.
Crazy Yiuf says, "Cholesterol!"
Crazy Yiuf misses you.
Okay, then.
Okay, then.
Hit: d) +0 short sword
Press: ? - help, Dir - move target, f/p - Crazy Yiuf
Aim: Crazy Yiuf, wielding a +2 quarterstaff of chaos and wearing a +0 cloak (heavily wounded, very poisoned, about 36% to evade your +0 short sword)
You hit Crazy Yiuf.
Crazy Yiuf is severely wounded.
Crazy Yiuf hits you with a +2 quarterstaff of chaos.
* * * LOW HITPOINT WARNING * * *
You resist with some effort.
Hit: d) +0 short sword
Press: ? - help, Dir - move target, f/p - Crazy Yiuf
Aim: Crazy Yiuf, wielding a +2 quarterstaff of chaos and wearing a +0 cloak (severely wounded, very poisoned, about 36% to evade your +0 short sword)
Okay, then.
Casting: Sting (safe; 4% risk of failure)
Confirm with . or Enter, or press ? or * to list all spells.
Aiming: Sting (safe; 4% risk of failure)
Press: ? - help, Shift-Dir - straight line, f/p - Crazy Yiuf
Aim: Crazy Yiuf, wielding a +2 quarterstaff of chaos and wearing a +0 cloak (severely wounded, very poisoned, 75% to hit)
The sting hits Crazy Yiuf.
Crazy Yiuf looks as sick as possible!
Crazy Yiuf is severely wounded.
Crazy Yiuf hits you with a +2 quarterstaff of chaos!
Ouch! That really hurt!
You die...

...........#
.(....####.#
#.....# #.#
##########.#
#####
......##...#
#..)#
......##.#.#
#...#
......##.#.#
...
......##.###
#g#
....†.†)...#
♣♣@♣
....>..#...#
♣.♣♣
.......#####
♣♣.♣
###.#..##..#
♣.♣♣
.......##.##
♣♣.♣♣
###.##.##.##
♣...♣♣ #####
#..........#
♣....♣ #...#
#.#.###.#.##
#....# ###.#
..........#
##..#######.#


You could see Crazy Yiuf (extremely poisoned).

Vanquished Creatures
  2 adders
  A worm (D:3)
  5 endoplasms
  4 goblins
  4 hobgoblins
  3 jackals (D:2)
  2 quokkas (D:1)
  2 ball pythons (D:3)
  5 bats
  4 frilled lizards
  2 kobolds
  3 rats
37 creatures vanquished.

Notes
Turn   | Place    | Note
-------+----------+-------------------------------------------
     0 | D:1      | Graphine the Deep Elf Venom Mage began the quest for the
                  | Orb.
     0 | D:1      | Reached XP level 1. HP: 10/10 MP: 6/6
   281 | D:1      | Reached XP level 2. HP: 16/16 MP: 6/8
   287 | D:1      | Learned a level 2 spell: Poisonous Vapours
   616 | D:2      | Learned a level 2 spell: Sublimation of Blood
   944 | D:2      | Reached XP level 3. HP: 20/20 MP: 2/9
  1601 | D:3      | Reached skill level 1 in Necromancy
  1846 | D:3      | Found a broken altar of Ashenzari.
  2253 | D:3      | Became a worshipper of Ashenzari the Shackled
  2288 | D:3      | Found an opulent altar of Gozag.
  2310 | D:3      | Reached skill level 1 in Fighting
  2441 | D:3      | Reached skill level 4 in Poison Magic
  2626 | D:3      | Found a runed translucent door.
  2627 | D:3      | Noticed Crazy Yiuf
  2635 | D:3      | Mangled by Crazy Yiuf

Illustrated notes

Levels and vault maps discovered:
D:1:      tarquinn_simple_flora_water_a, layout_rooms
D:2:      layout_loops_ring, nrook_mini_vaults
D:3:      layout_loops_cross, mainiacjoe_overflow_cross_hatched,
          grunt_gozag_statues, minmay_misc_feat_columns, minmay_liquid_box,
          uniq_crazy_yiuf_cottage

Skill      XL: |  1  2  3 |
---------------+----------+-----
Necromancy     | 1 |  1.2
Stealth        | 3 |  3.1
Fighting       | 1 |  1.0
Poison Magic   | 4 |  4.0
Dodging        | |  2.9
Spellcasting   | |  3.3
Transmutations | |  1.1

Action                     || total
---------------------------++-------
  Melee: Short sword       ||    11
   Cast: Sting             ||    44
         Poisonous Vapours ||    29
         Sublimation of Bl ||     1
    Use: Scroll            ||     2
 Armour: Robe              ||     3
  Dodge: Dodged            ||    22
